 Dungeon Crawl Stone Soup version 0.28.0-43-g3370ac3207 (webtiles) character file.

Game seed: 7827050176610074857

3867 smarlow the Covert (level 9, 0/46 HPs)
             Began as a Spriggan Enchanter on Mar 8, 2022.
             Was a Follower of Dithmenos.
             Incinerated by a deep elf pyromancer (4 damage)
             ... with a sticky flame
             ... on level 8 of the Dungeon.
             The game lasted 00:17:17 (10411 turns).

smarlow the Covert (Spriggan Enchanter)            Turns: 10411, Time: 00:17:17

Health: 0/46       AC:  4    Str:  4    XL:     9   Next: 99%
Magic:  0/20       EV: 22    Int: 25    God:    Dithmenos [*.....]
Gold:   496        SH:  0    Dex: 19    Spells: 11/22 levels left

rFire   . . .      SeeInvis +   a - +1 dagger
rCold   x . .      Faith    .   (no shield)
rNeg    . . .      Spirit   +   B - +2 robe "Potanih" {rC- Int+8}
rPois   .          Reflect  .   (helmet restricted)
rElec   .          Harm     .   (no cloak)
rCorr   +          Rampage  .   (gloves unavailable)
Will    +....                   (boots unavailable)
Stlth   ++........              s - amulet of guardian spirit
HPRegen 0.15/turn               k - ring of resist corrosion
MPRegen 0.17/turn               t - +4 ring of slaying

@: on fire, glowing, very quick
A: very small, no large weapons, unfitting armour, see invisible, speed 3
a: Renounce Religion


You were on level 8 of the Dungeon.
You worshipped Dithmenos.
Dithmenos was aware of your devotion.
You visited 2 branches of the dungeon, and saw 9 of its levels.

You collected 496 gold pieces.

Inventory:

Hand Weapons
 a - a +1 dagger (weapon)
Missiles
 o - a throwing net
Armour
 b - a +0 robe
 n - the +0 robe "Roatuowe" {Str+3}
   (You found it on level 4 of the Dungeon)

   Str:       It affects your strength (+3).
 B - the +2 robe "Potanih" (worn) {rC- Int+8}
   (You found it on level 8 of the Dungeon)

   Int:       It affects your intelligence (+8).
   rC:        It makes you vulnerable to cold.
Jewellery
 k - a ring of resist corrosion (left hand)
 s - an amulet of guardian spirit (around neck)
 t - a +4 ring of slaying (right hand)
 u - an amulet of faith
Wands
 v - a wand of iceblast (4)
 z - a wand of flame (16)
Scrolls
 d - 2 scrolls of teleportation {unknown}
 f - 3 scrolls of immolation {unknown}
 g - a scroll of enchant weapon {unknown}
 h - 2 scrolls of amnesia {unknown}
 i - 2 scrolls of vulnerability {unknown}
 j - 2 scrolls of noise {unknown}
 l - a scroll of brand weapon {unknown}
 q - 7 scrolls of identify {unknown}
 r - 5 scrolls of fear {unknown}
 w - a scroll of enchant armour {unknown}
 x - a scroll of fog {unknown}
 y - a scroll of acquirement {unknown}
Potions
 c - a potion of invisibility
 e - a potion of brilliance {unknown}
 m - a potion of attraction {unknown}
 p - 3 potions of curing
 A - 2 potions of haste {unknown}


   Skills:
 + Level 4.4 Fighting
 - Level 5.0 Short Blades
 + Level 7.8 Dodging
 * Level 12.8 Stealth
 + Level 7.1 Spellcasting
 + Level 7.6 Hexes


You had 11 spell levels left.
You knew the following spells:

 Your Spells              Type           Power      Damage    Failure   Level
a - Ensorcelled Hibernat  Hex/Ice        56%        N/A       1%          2
b - Confusing Touch       Hex            47%        N/A       1%          3
c - Tukima's Dance        Hex            47%        N/A       1%          3
d - Dazzling Flash        Conj/Hex       56%        N/A       4%          3

Your spell library contained the following spells:

 Spells                   Type           Power      Damage    Failure   Level


Dungeon Overview and Level Annotations

Branches:
Dungeon (8/15)             Temple (1/1) D:7
   Lair: D:8-11

Altars:
Dithmenos
Elyvilon
Fedhas
Hepliaklqana
Makhleb
Nemelex Xobeh
Qazlal
Ru
Sif Muna
Trog
Wu Jian
Xom
Yredelemnul
Zin

Shops:
D:2 [   D:5 [

Annotations:
D:5 3 runed translucent doors, Kae's ghost, novice OpCj


Innate Abilities, Weirdness & Mutations

You are very small and have problems with some larger weapons.
You are too small for most types of armour.
You have supernaturally acute eyesight. (SInv)
You cover ground extremely quickly. (Speed+++)


Message History

Aim: a deep elf pyromancer, wielding a +0 long sword (chance to affect: 52%)
The deep elf pyromancer resists with significant effort.
Casting: Tukima's Dance (safe; 1% risk of failure)
Confirm with . or Enter, or press ? or * to list all spells.
Aiming: Tukima's Dance (safe; 1% risk of failure)
Press: ? - help, Shift-Dir - straight line, f/p - deep elf pyromancer
Aim: a deep elf pyromancer, wielding a +0 long sword (chance to affect: 52%)
The +0 long sword dances into the air!
The deep elf pyromancer gestures wildly while chanting.
The deep elf pyromancer resists with some effort.
The deep elf pyromancer looks drowsy...
The deep elf pyromancer shouts!
You hear a shout!
The fire elemental barely misses you.
Your +0 long sword is engulfed in blazing flames.
Your +0 long sword barely misses the deep elf pyromancer.
You barely miss the deep elf pyromancer.
The deep elf pyromancer gestures wildly while chanting.
The deep elf pyromancer blinks!
The fire elemental completely misses you.
An orc wizard comes into view. It is wielding a +0 dagger.
The deep elf pyromancer points at you and mumbles some strange words.
The sticky flame hits you!
You are covered in liquid flames!
The fire elemental misses you.
Your +0 long sword is engulfed in blazing flames.
You are covered in liquid flames!
The orc wizard casts a spell at you. The puff of flame hits you!
An orc comes into view. It is wielding a +0 club.
You are covered in liquid flames!
The centaur warrior shoots an arrow.
The arrow hits you!
* * * LOW HITPOINT WARNING * * *
The deep elf pyromancer gestures at you while chanting.
The sticky flame hits you!
You are covered in liquid flames!
* * * LOW HITPOINT WARNING * * *
Your +0 long sword is engulfed in blazing flames.
There is a stone staircase leading up, spattered with blood here.
You are covered in liquid flames!
You die...

......................>......#
.[.#.#..............<|........
## ###.............g...g......
#........................
#...................g....
###.......#.......#####..
###.....#...<)..#####..
######.............##.#...
#........@e...o...........
#......E........#####.....
##...##(.###.###..# #......
#.....°.##.....## . #.....#
##..?$.##.†.....##....)..##
#######<)[##.e.....o.####.####
#..##....c#......)....# ..
#...#....)#...........#..#
#.........e.....c.?.§...#


You could see a centaur warrior, a deep elf pyromancer (ally target), a fire
elemental (summoned), an orc wizard, an orc (wandering) and a friendly +0 long
sword.

Vanquished Creatures
  A manticore (D:6)
  2 hornets (D:8)
  Grinder (D:3)
  A wyvern (D:6)
  Grum (D:8)
  A steam dragon (D:7)
  A water moccasin (D:6)
  2 orc warriors
  4 ice beasts
  A sky beast (D:5)
  A black bear (D:4)
  A necrophage (D:8)
  An ogre (D:5)
  2 wolves (D:8)
  2 centaurs
  3 phantoms
  2 bullfrogs (D:7)
  2 gnoll sergeants
  A scorpion (D:4)
  A howler monkey (D:7)
  A crimson imp (D:6)
  3 hounds (D:5)
  A centaur skeleton (D:6)
  2 orc priests
  4 iguanas
  A bullfrog skeleton (D:5)
  An orc wizard (D:4)
  2 hound skeletons (D:4)
  6 gnolls
  A howler monkey skeleton (D:5)
  6 adders
  2 shadow imps
  A white imp (D:6)
  An ufetubus (D:6)
  A worm (D:5)
  2 dart slugs
  16 orcs
  4 ball pythons
  7 endoplasms
  2 giant cockroaches
  7 goblins
  9 hobgoblins
  7 quokkas
  4 bats (D:1)
  2 frilled lizards
  6 kobolds
  6 rats
136 creatures vanquished.

Vanquished Creatures (others)
  3 fungi (D:5)
  A plant (D:5)
4 creatures vanquished.

Grand Total: 140 creatures vanquished

Notes
Turn   | Place    | Note
-------+----------+-------------------------------------------
     0 | D:1      | smarlow the Spriggan Enchanter began the quest for the Orb.
     0 | D:1      | Reached XP level 1. HP: 9/9 MP: 5/5
   288 | D:1      | Found a faded altar of an unknown god.
   309 | D:1      | Reached XP level 2. HP: 14/14 MP: 6/6
   413 | D:1      | Learned a level 2 spell: Ensorcelled Hibernation
  1655 | D:2      | Found Latzyu's Antique Armour Boutique.
  1963 | D:2      | Reached XP level 3. HP: 16/17 MP: 8/8
  2091 | D:2      | Learned a level 3 spell: Confusing Touch
  2095 | D:2      | Learned a level 3 spell: Tukima's Dance
  2151 | D:2      | Reached skill level 5 in Stealth
  3058 | D:3      | Noticed Grinder
  3209 | D:4      | Reached XP level 4. HP: 14/21 MP: 9/9
  3344 | D:4      | Noticed a scorpion
  3346 | D:4      | Killed a scorpion
  3347 | D:4      | Reached skill level 1 in Fighting
  3399 | D:4      | Reached XP level 5. HP: 25/25 MP: 9/11
  3483 | D:4      | Reached skill level 6 in Stealth
  3846 | D:4      | Identified the +0 robe "Roatuowe" {Str+3}
  4008 | D:4      | Noticed a black bear
  4009 | D:4      | You fall into a shaft and drop 1 floor!
  4009 | D:5      | Entered Level 5 of the Dungeon
  4009 | D:5      | Noticed a phantom
  4010 | D:5      | Killed a phantom
  4011 | D:5      | Reached XP level 6. HP: 30/30 MP: 12/12
  4799 | D:4      | Reached skill level 7 in Stealth
  5045 | D:3      | Learned a level 3 spell: Dazzling Flash
  5752 | D:3      | Killed Grinder
  5753 | D:3      | Reached skill level 5 in Hexes
  5753 | D:3      | Reached XP level 7. HP: 35/35 MP: 11/14
  6215 | D:5      | Found Mede's Armour Shoppe.
  6256 | D:5      | Found a runed translucent gate.
  6256 | D:5      | Found a runed translucent gate.
  6256 | D:5      | Found a runed translucent gate.
  6259 | D:5      | Noticed Kae's ghost (novice OpCj)
  6300 | D:5      | Reached skill level 5 in Dodging
  6300 | D:5      | Reached skill level 8 in Stealth
  6776 | D:5      | Reached skill level 5 in Spellcasting
  6776 | D:5      | Reached XP level 8. HP: 39/39 MP: 11/16
  6812 | D:5      | Reached skill level 9 in Stealth
  7269 | D:6      | Noticed a manticore
  7274 | D:6      | Killed a manticore
  7275 | D:6      | Reached skill level 10 in Stealth
  7590 | D:6      | Reached XP level 9. HP: 43/44 MP: 14/18
  7680 | D:6      | Reached skill level 5 in Short Blades
  7823 | D:6      | Found a blossoming altar of Fedhas.
  8448 | D:7      | Noticed a deep elf pyromancer
  8524 | D:7      | Reached skill level 11 in Stealth
  8712 | D:7      | Found a staircase to the Ecumenical Temple.
  8836 | Temple   | Entered the Ecumenical Temple
  8901 | Temple   | Became a worshipper of Dithmenos the Shadowed
  9408 | D:8      | Identified the +2 robe "Potanih" {rC- Int+8}
  9556 | D:8      | Noticed Grum
  9592 | D:8      | Reached skill level 12 in Stealth
 10059 | D:8      | Killed Grum
 10101 | D:8      | Reached * piety under Dithmenos
 10103 | D:8      | Noticed a deep elf pyromancer
 10107 | D:8      | Noticed a centaur warrior
 10411 | D:8      | Incinerated by a deep elf pyromancer

Illustrated notes

Levels and vault maps discovered:
D:1:      dpeg_arrival_morbid_curiosity, layout_loops_ring,
          chequers_ecumenical_altar_simple_redux, minmay_misc_feat_rugged,
          minivault_27
D:2:      layout_basic, serial_shops, shop_coins
D:3:      layout_rooms, item_on_display_a, uniq_grinder
D:4:      layout_loops_ring, serial_rivers, chequers_serial_rivers_micro_e,
          chequers_serial_rivers_room_b, chequers_serial_rivers_large_b,
          chequers_serial_rivers_micro_d, chequers_serial_rivers_room_b,
          chequers_serial_rivers_small_a, chequers_jeans,
          minmay_misc_feat_more_columns, nicolae_elevator_lobby_asterisk
D:5:      minmay_razor_zed, layout_basic, serial_shops, shop,
          gammafunk_ghost_nasty_kobolds
D:6:      layout_basic, fedhas_altar_1, minmay_fire_ice_demons
D:7:      layout_gridville, minmay_temple_entry_enclosed_plants,
          lightli_corner_chamber
D:8:      minmay_the_grid_octo_tiled_octocenter [minmay_the_grid_octo_empty,
          minmay_the_grid_octo_checkered, minmay_the_grid_octo_toaster,
          minmay_the_grid_octo_empty, minmay_the_grid_octo_prize_star,
          minmay_the_grid_square_5x5_hollow_slash,
          minmay_the_grid_square_5x5_inner_z,
          minmay_the_grid_square_5x5_spiral_small,
          minmay_the_grid_square_5x5_shrine2], layout_cave_pools,
          grunt_tough_drop, uniq_grum
Temple:   regret_index_temple_sigil_plot

Skill      XL: |  1  2  3  4  5  6  7  8  9 |
---------------+----------------------------+-----
Dodging        | 3 4 5 6 7 |  7.8
Spellcasting   | 3 4 5 7 |  7.1
Stealth        | 5 6 7 8 10 12 | 12.8
Hexes          | 4 5 6 7 |  7.6
Fighting       | 1 2 3 4 |  4.4
Short Blades   | 2 3 4 5 |  5.0

Action                   |  1- 3 |  4- 6 |  7- 9 || total
-------------------------+-------+-------+-------++-------
Melee: Dagger            |   115 |    66 |   101 ||   282
       Punch             |     3 |     3 |       ||     6
 Cast: Ensorcelled Hiber |    26 |    43 |    72 ||   141
       Confusing Touch   |       |     3 |     9 ||    12
       Tukima's Dance    |       |       |     2 ||     2
 Stab: Sleeping          |    28 |    28 |    51 ||   107
       Distracted        |       |     1 |       ||     1
       Confused          |       |     3 |    10 ||    13
Armor: Robe              |     9 |     4 |    10 ||    23
Dodge: Dodged            |    79 |    40 |    82 ||   201
